 Dungeon Crawl Stone Soup version 0.25-a0-478-g33c61bdccf (webtiles) character file.

Game seed: 2213982660889578884, levelgen mode: deterministic

65 Esekla the Magician (level 3, 0/19 HPs)
             Began as a Deep Elf Wizard on Feb 8, 2020.
             Succumbed to an adder's poison
             ... on level 2 of the Dungeon.
             The game lasted 00:18:34 (1964 turns).

Esekla the Magician (Deep Elf Wizard)               Turns: 1964, Time: 00:18:34

Health: 0/19       AC:  2    Str:  8    XL:     3   Next: 92%
Magic:  0/12       EV: 13    Int: 22    God:
Gold:   102        SH:  0    Dex: 13    Spells: 5/14 levels left

rFire    . . .     SeeInvis .   h - -3 dagger (curse)
rCold    . . .     Gourm    .   (no shield)
rNeg     . . .     Faith    .   a - +0 robe
rPois    .         Spirit   .   b - +0 hat
rElec    .         Reflect  .   (no cloak)
rCorr    .         Harm     .   (no gloves)
MR       .....                  (no boots)
Stlth    ++........             (no amulet)
HPRegen  0.06/turn              j - +3 ring of strength
MPRegen  0.13/turn              (no ring)

@: lethally poisoned (0 -> -8)
A: no striking features
a: no special abilities


You were on level 2 of the Dungeon.
You were not hungry.

You visited 1 branch of the dungeon, and saw 3 of its levels.

You collected 102 gold pieces.

Inventory:

Hand Weapons
 f - a +0 short sword
 h - a cursed -3 dagger (weapon)
Armour
 a - a +0 robe (worn)
 b - a +0 hat (worn)
 p - a +0 buckler
Jewellery
 j - a +3 ring of strength (left hand)
Scrolls
 e - a scroll of fog {unknown}
 i - 2 scrolls of teleportation {unknown}
 k - a scroll of blinking
 l - 2 scrolls of immolation
 n - a scroll of remove curse {unknown}
 r - a scroll of noise {unknown}
Potions
 g - a potion of ambrosia
 m - a potion of haste
 o - a potion of curing {unknown}
 q - a potion of flight
Comestibles
 d - 4 rations


   Skills:
 * Level 2.7 Dodging
 - Level 2.4 Stealth
 * Level 6.0 Spellcasting
 + Level 1.4 Conjurations
   Level 1.1 Summonings
 * Level 1.4 Translocations
 * Level 0.3 Fire Magic
 * Level 0.4 Air Magic
 * Level 0.4 Poison Magic


You had 5 spell levels left.
You knew the following spells:

 Your Spells              Type           Power        Failure   Level  Hunger
a - Magic Dart            Conj           ##..         4%          1    None
b - Blink                 Tloc           N/A          8%          2    None
c - Mephitic Cloud        Conj/Pois/Air  ##......     21%         3    #......
f - Conjure Flame         Conj/Fire      ##......     19%         3    #......

Your spell library contained the following spells:

 Spells                   Type           Power        Failure   Level  Hunger
 Call Imp                 Summ           ##......     9%          2    None
 Slow                     Hex            #.......     14%         2    None


Dungeon Overview and Level Annotations

Branches:
Dungeon (3/15)

Altars:


Message History

You feel sick. The adder bites you.
You feel sick.
You are no longer poisoned.
The adder bites you.
* * * LOW HITPOINT WARNING * * *
Casting: Conjure Flame (safe; 19% risk of failure)
Confirm with . or Enter, or press ? or * to list all spells.
The fire begins to smolder!
The adder barely misses you.
Sorry, you're not good enough to have a special ability.
Unknown command.
The adder smothers the flame.
You see here 19 stones.
The adder closely misses you.
Your magical contamination has completely faded away.
The adder bites you.
* * * LOW HITPOINT WARNING * * *
You are lethally poisoned!
The adder poisons you!
You die...

##.###.## ##..####.######
##########..#.####.....######
#..........###.##.###.......#
#.#########.#.##.## #.####..#
####.# ##..#.## ##.####..#
.....#
#####.#....###........#
######
#.(..###....###.###.#.##
##########.###S#@##..#
#.##.###.#
....^...##.####.###..# #...##
##. #######....<.##.# #..#
#.##.###.. #....#.##.# #..#
#.###.#...
#.####รท##.###..###......#..
#.# #.##..........###.###.
#.# #..........<..........
#.# ########.##.###.......
#.# #.#.#####.##.#.


There were no monsters in sight!

Vanquished Creatures
  A worm (D:2)
  4 dart slugs (D:1)
  A leopard gecko (D:1)
  3 ball pythons (D:1)
  2 giant cockroaches (D:1)
  3 hobgoblins
  4 jackals
  8 kobolds
  8 bats
  5 frilled lizards
  5 goblins
  8 rats
52 creatures vanquished.

Notes
Turn   | Place    | Note
-------+----------+-------------------------------------------
     0 | D:1      | Esekla the Deep Elf Wizard began the quest for the Orb.
     0 | D:1      | Reached XP level 1. HP: 10/10 MP: 7/7
   103 | D:1      | Reached skill level 5 in Spellcasting
   147 | D:1      | Reached XP level 2. HP: 15/15 MP: 7/10
   155 | D:1      | Learned a level 2 spell: Blink
   845 | D:2      | Reached XP level 3. HP: 19/19 MP: 6/12
   880 | D:2      | Learned a level 3 spell: Mephitic Cloud
   884 | D:2      | Learned a level 3 spell: Conjure Flame
  1907 | D:3      | Reached skill level 6 in Spellcasting
  1964 | D:2      | Succumbed to an adder's poison

Levels and vault maps discovered:
D:1:      evilmike_arrival_plus, layout_loops_corners, dk_noncrumbling_3,
          minmay_3d_cube
D:2:      layout_loops_ring, uniq_terence
D:3:      layout_loops_ring, first_ration

Skill      XL: |  1  2  3 |
---------------+----------+-----
Spellcasting   | 5 6 |  6.0
Dodging        | |  2.7
Stealth        | |  2.4
Conjurations   | |  1.4
Summonings     | |  1.1
Translocations | |  1.4
Fire Magic     | |  0.3
Air Magic      | |  0.4
Poison Magic   | |  0.4

Action                   || total
-------------------------++-------
Melee: Short sword       ||     3
       Dagger            ||    16
 Cast: Magic Dart        ||   104
       Blink             ||     5
       Conjure Flame     ||     2
       Mephitic Cloud    ||     1
  Use: Scroll            ||     5
 Stab: Sleeping          ||     8
  Eat: Chunk             ||     3
Armor: Robe              ||    18
Dodge: Dodged            ||    55

Table legend:
 A = Non-vault XP
 B = Vault XP
 C = Vault XP percentage of total XP
 D = Non-vault monster count
 E = Vault monster count
 F = Vault count percentage of total count
                 A         B        C        D         E       F
            +---------+---------+-------+---------+---------+-------
      Total |      87 |       6 |   6.5 |      48 |       4 |   7.7
            +---------+---------+-------+---------+---------+-------
        D:1 |      53 |       6 |  10.2 |      26 |       4 |  13.3
        D:2 |      26 |       0 |   0.0 |      17 |       0 |   0.0
        D:3 |       8 |       0 |   0.0 |       5 |       0 |   0.0
            +---------+---------+-------+---------+---------+-------
